 Dungeon Crawl Stone Soup version 0.18.1-8-gdd0e5ea (console) character file.

2002 Kloppie the Cleaver (level 9, -1/81 HPs)
             Began as a Hill Orc Berserker on June 12, 2016.
             Was an Elder of Trog.
             Slain by a worker ant (6 damage)
             ... on level 6 of the Dungeon.
             The game lasted 00:08:53 (5417 turns).

Kloppie the Cleaver (Hill Orc Berserker)            Turns: 5417, Time: 00:08:54

Health: -1/81      AC:  6    Str: 20    XL:     9   Next: 22%
Magic:  9/9        EV: 11    Int:  9    God:    Trog [****..]
Gold:   250        SH:  0    Dex: 13    Spells: 0 memorised, 8 levels left

rFire  + . .     SeeInvis .     a - +0 hand axe
rCold  . . .     Gourm    .     d - +1 leather armour "Nigrekuy" {rElec rF+ Int+2} (curse)
rNeg   . . .     Faith    .     (no shield)
rPois  .         Spirit   .     m - +0 helmet
rElec  +         Dismiss  .     (no cloak)
rCorr  .         Reflect  .     (no gloves)
SustAt .         Harm     .     (no boots)
MR     .....     Rnd*Tele +     (no amulet)
Stlth  +.........               (no ring)
                                y - ring of teleportation (curse)

@: lethally poisoned (-1 -> -12), exhausted, slowed, drained, very slow, not
resistant to hostile enchantments, very unstealthy
A: no striking features
a: Berserk, Trog's Hand, Brothers in Arms, Burn Spellbooks, Renounce Religion


You were on level 6 of the Dungeon.
You worshipped Trog.
Trog was greatly pleased with you.
You were very hungry.

You visited 1 branch of the dungeon, and saw 6 of its levels.

You collected 250 gold pieces.

Inventory:

Hand Weapons
 a - a +0 hand axe (weapon)
Armour
 d - the cursed +1 leather armour "Nigrekuy" (worn) {rElec rF+ Int+2}
   (You found it on level 6 of the Dungeon)

   It affects your intelligence (+2).
   It protects you from fire.
   It insulates you from electricity.
   It has a curse placed upon it.
 m - a +0 helmet (worn)
 q - a +0 chain mail
Jewellery
 y - a cursed ring of teleportation (left hand)
Wands
 u - a wand of acid (14/15)
Scrolls
 n - a scroll of magic mapping
 o - a scroll of teleportation
 p - 2 scrolls of recharging
Potions
 i - a potion of brilliance
 j - 3 potions of degeneration {unknown}
 k - 2 potions of might {unknown}
 l - a potion of cancellation {unknown}
 t - 2 potions of haste
 v - a potion of flight {unknown}
 w - a potion of curing {unknown}
 z - a potion of mutation {unknown}
Comestibles
 b - 5 chunks of flesh
 c - 3 bread rations
 g - 3 meat rations
 r - a slice of pizza
 x - a royal jelly


   Skills:
 + Level 8.1(7.7) Fighting
 * Level 11.4(10.9) Axes
 + Level 6.6(6.1) Armour
 - Level 1.5(1.2) Dodging


You had 8 spell levels left.
You didn't know any spells.

Dungeon Overview and Level Annotations

Branches:
Dungeon (6/15)             Temple (0/1) D:4

Altars:
Fedhas
Nemelex Xobeh
Ru
Trog
The Shining One


Message History

The killer bee barely misses you.
The killer bee stings you but does no damage.
You slash the killer bee!
You kill the killer bee!
Trog accepts your kill.
* * * LOW HITPOINT WARNING * * *
You feel sick. The worker ant barely misses you.
You closely miss the worker ant.
* * * LOW HITPOINT WARNING * * *
You feel sick.
The worker ant bites you but does no damage.
You barely miss the worker ant.
* * * LOW HITPOINT WARNING * * *
You feel sick. The worker ant closely misses you.
You hit the worker ant but do no damage.
* * * LOW HITPOINT WARNING * * *
You feel sick. The worker ant bites you.
* * * LOW HITPOINT WARNING * * *
The worker ant bites you.
You die...

####.##
#.....#
#.....##
#......##...
########
+...........
+.......
#....#..#...
#####.##
####.##.# ..
#.# #a# ..#
# #.# #@#
#.# #.# #.#
.. #.# #.#
.# ##.## #.#
#.... #.#
#.... #.#
#.... #.#
#.... #.#
#.... ##.##


You could see a worker ant.

Vanquished Creatures
  Prince Ribbit (D:5)
  Sigmund (D:3)
  Purgy (D:3)
  2 eyes of draining (D:3)
  3 ogres
  A centaur (D:5)
  3 scorpions
  3 killer bees (D:6)
  3 wights (D:6)
  A howler monkey (D:5)
  A crimson imp (D:4)
  A hound (D:5)
  A centaur skeleton (D:5)
  A gnoll shaman (D:5)
  An orc priest (D:3)
  A jelly (D:5)
  A giant frog skeleton (D:6)
  5 orc wizards
  2 worker ants (D:4)
  A worker ant zombie (D:5)
  5 adders
  4 gnolls (D:5)
  An ooze (D:4)
  2 adder skeletons
  4 worms
  3 dart slugs (D:1)
  A giant gecko (D:5)
  20 orcs
  2 ball pythons
  4 giant cockroaches
  10 goblins
  4 hobgoblins
  9 kobolds
  2 quokkas (D:2)
  7 bats
  9 giant newts
  A goblin skeleton (D:4)
  A goblin zombie (D:4)
  3 hobgoblin zombies (D:4)
  A jackal skeleton (D:4)
  A kobold skeleton (D:4)
  An orc skeleton (D:4)
  6 rats
135 creatures vanquished.

Notes
Turn   | Place    | Note
--------------------------------------------------------------
     0 | D:1      | Kloppie the Hill Orc Berserker began the quest for the Orb.
     0 | D:1      | Reached XP level 1. HP: 19/19 MP: 1/1
   291 | D:1      | Reached XP level 2. HP: 27/27 MP: 2/2
   779 | D:1      | Reached XP level 3. HP: 28/33 MP: 3/3
   876 | D:1      | Reached ** piety under Trog
  1501 | D:2      | Reached skill level 5 in Axes
  1857 | D:2      | Reached XP level 4. HP: 37/41 MP: 4/4
  1928 | D:2      | Found a sparkling altar of Nemelex Xobeh.
  1999 | D:3      | Noticed Sigmund
  2030 | D:2      | HP: 2/41 [worm (3)]
  2314 | D:3      | Killed Sigmund
  2314 | D:3      | Reached skill level 5 in Fighting
  2314 | D:3      | Reached skill level 6 in Axes
  2314 | D:3      | Reached XP level 5. HP: 48/48 MP: 5/5
  2314 | D:3      | Reached XP level 6. HP: 56/56 MP: 6/6
  2446 | D:3      | Noticed Purgy
  2454 | D:3      | Killed Purgy
  2584 | D:3      | Reached skill level 7 in Axes
  2793 | D:3      | Noticed an eye of draining
  2817 | D:3      | Reached *** piety under Trog
  2845 | D:3      | Killed an eye of draining
  2845 | D:3      | Reached XP level 7. HP: 47/62 MP: 0/7
  2911 | D:3      | Found a bloodstained altar of Trog.
  3043 | D:3      | Reached skill level 8 in Axes
  3167 | D:4      | Reached skill level 5 in Armour
  3375 | D:4      | Reached skill level 9 in Axes
  3375 | D:4      | Reached XP level 8. HP: 40/71 MP: 8/8
  3708 | D:4      | Found a staircase to the Ecumenical Temple.
  3927 | D:4      | Found a glowing golden altar of the Shining One.
  4065 | D:4      | Found a sacrificial altar of Ru.
  4106 | D:5      | Entered Level 5 of the Dungeon
  4164 | D:5      | Noticed Prince Ribbit
  4177 | D:5      | Killed Prince Ribbit
  4177 | D:5      | Reached skill level 10 in Axes
  4252 | D:5      | Found a blossoming altar of Fedhas.
  4509 | D:5      | Reached **** piety under Trog
  5087 | D:5      | Reached XP level 9. HP: 80/80 MP: 9/9
  5250 | D:6      | Reached skill level 11 in Axes
  5297 | D:6      | Got a dazzling leather armour
  5308 | D:6      | Identified the cursed +1 leather armour "Nigrekuy" {rElec rF+ Int+2} (You found it on level 6 of the Dungeon)
  5406 | D:6      | HP: 4/81 [poisoned by a killer bee]
  5417 | D:6      | Slain by a worker ant

Skill      XL: |  1  2  3  4  5  6  7  8  9 |
---------------+----------------------------+-----
Fighting       | 4 5 6 7 8 |  8.1
Axes           | 5 6 7 9 10 11 | 11.4
Armour         | 3 4 5 6 |  6.6
Dodging        | |  1.5

Action                   |  1- 3 |  4- 6 |  7- 9 || total
-------------------------+-------+-------+-------++-------
Melee: Hand axe          |   143 |   109 |   334 ||   586
Invok: Berserk           |     2 |     5 |     4 ||    11
  Use: Scroll            |       |       |    13 ||    13
       Potion            |       |       |     3 ||     3
  Eat: Chunk             |     5 |     7 |    13 ||    25
Armor: Animal skin       |    21 |       |       ||    21
       Chain mail        |     5 |    70 |   129 ||   204
       Leather armour    |       |       |    18 ||    18
Dodge: Dodged            |    88 |    46 |   135 ||   269
